Map: 2000 Atmospheres LE

Players

IIIIIIIIII

  • Race: Terran Terran
  • League: Master
  • Spawn Location: 7:00

llllllllllll - Winner!

  • Race: Protoss Protoss
  • League: Diamond
  • Spawn Location: 3:00

VOD

Have the link to the VOD?

Description

Time

  • Played on: March 11, 2022, 12:19 p.m.
  • Length: 5:49
Show
View Real Time Build Order
Export as new Build Order

IIIIIIIIII Terran 

Build Orders:  

Get SALT Encoding   

  12  0:00  SCV  
  13  0:15  SCV  
  13  0:20  Supply Depot  
  14  0:27  SCV  
  15  0:41  SCV  
  16  0:43  Barracks  
  16  0:54  SCV  
  17  1:06  SCV  
  18  1:23  Command Center  
  18  1:30  Marine  
  18  1:32  Supply Depot  
  19  1:36  Orbital Command  
  19  1:51  Marine  
  20  1:59  Barracks  
  20  2:03  Barracks  
  20  2:14  Marine  
  21  2:15  Bunker  
  21  2:23  SCV  
  21  2:29  Refinery  
  22  2:31  Refinery  
  22  2:33  Marine  
  22  2:35  SCV  
  24  2:39  Orbital Command  
  22  2:51  Marine  
  22  2:53  Marine x2  
  23  3:03  SCV  
  23  3:06  Orbital Command  
  23  3:09  Marine  
  23  3:11  Marine x2  
  26  3:16  SCV  
  27  3:27  Marine  
  27  3:28  Supply Depot  
  27  3:29  Marine x2  
  27  3:30  Supply Depot, SCV  
  27  3:33  SCV  
  32  3:42  SCV  
  32  3:44  Marine  
  32  3:45  SCV  
  32  3:47  Marine  
  32  3:48  Marine  
  37  4:01  Supply Depot  
  37  4:02  Marine  
  35  4:05  Marine  
  35  4:06  Marine  
  36  4:15  SCV  
  36  4:17  Engineering Bay  
  36  4:22  Marine  
  36  4:24  Marine  
  33  4:38  Marine  
  33  4:40  Marine  
  33  4:42  Marine  
  33  4:44  SCV  
  32  4:53  Missile Turret  
  32  4:56  Marine  
  32  4:58  Marine  
  32  4:59  Marine  
  34  5:02  Missile Turret  
  35  5:14  Marine  
  35  5:15  Missile Turret  
  35  5:16  Marine  
  35  5:17  Marine  
  39  5:38  Missile Turret  
  39  5:39  Missile Turret  
  39  5:42  Missile Turret  
Show
View Real Time Build Order
Export as new Build Order

llllllllllll Protoss - Winner!

Build Orders: Proxy Void Ray 

Get SALT Encoding   

  12  0:09  Pylon  
  12  0:13  Probe  
  13  0:25  Probe  
  14  0:30  Gateway  
  14  0:36  Assimilator  
  14  0:40  Probe  
  15  0:48  Assimilator  
  15  0:52  Probe  
  16  1:04  Probe  
  17  1:17  Cybernetics Core  
  17  1:18  Probe  
  17  1:21  Zealot  
  20  1:34  Probe  
  21  1:46  Probe, Assimilator  
  22  1:52  Assimilator  
  22  1:59  Stalker (Chrono Boost)  
  23  2:02  Pylon  
  23  2:20  Stargate  
  23  2:23  Stalker (Chrono Boost)  
  25  2:30  Pylon  
  23  3:05  Void Ray (Chrono Boost)  
  27  3:14  Shield Battery x2, Stalker  
  29  3:27  Shield Battery  
  29  3:37  Void Ray (Chrono Boost)  
  33  3:43  Shield Battery  
  33  3:48  Pylon  
  31  4:15  Shield Battery  
  31  4:22  Shield Battery  
  31  4:31  Shield Battery  
  31  4:38  Void Ray (Chrono Boost)  
  35  4:52  Pylon, Stalker  
  37  4:53  Probe  
  38  5:02  Pylon  
  38  5:05  Probe  
  37  5:17  Probe, Pylon  
  38  5:29  Probe  
Tags
 
Add a new tag
Caveats
  • Supply blocks, unpowered buildings, or Contaminate may cause inaccurate times.
  • Supply counts are checked every 10 seconds.